 Dungeon Crawl Stone Soup version 0.30.1-9-gdf580d7c3d (webtiles) character file.

Game seed: 18007851797502286204

95 Cheops the Conjurer (level 4, -4/36 HPs)
             Began as a Naga Fire Elementalist on Oct 8, 2023.
             Slain by Natasha (5 damage)
             ... on level 3 of the Dungeon.
             The game lasted 00:06:58 (2652 turns).

Cheops the Conjurer (Naga Fire Elementalist)        Turns: 2652, Time: 00:06:59

Health: -4/36      AC:  2    Str: 10    XL:     4   Next: 65%
Magic:  1/8        EV: 10    Int: 17    God:
Gold:   95         SH:  0    Dex: 12    Spells: 1/9 levels left

rFire   . . .        p - +0 dagger
rCold   . . .        (no shield)
rNeg    . . .        a - +0 robe
rPois   +            (no helmet)
rElec   .            (no cloak)
rCorr   .            (no gloves)
SInv    +            (no barding)
Will    .....        (no amulet)
Stlth   ++           (no ring)
HPRegen 0.26/turn    (no ring)
MPRegen 0.11/turn

%: no passive effects
@: short of breath, very slightly contaminated, very slow
A: AC +1, large, see invisible, deformed body, poison resistance, slowness 2,
spit poison 1, naga tail 1
a: Spit Poison


You were on level 3 of the Dungeon.
You visited 1 branch of the dungeon, and saw 3 of its levels.

You collected 95 gold pieces.

Inventory:

Hand Weapons
 p - a +0 dagger (weapon)
Armour
 a - a +0 robe (worn)
Scrolls
 e - a scroll of blinking {unknown}
 f - 2 scrolls of enchant armour {unknown}
 g - a scroll of teleportation {unknown}
 h - a scroll of poison {unknown}
 j - a scroll of fear {unknown}
 l - 2 scrolls of butterflies {unknown}
 m - 3 scrolls of identify {unknown}
 o - a scroll of immolation {unknown}
Potions
 b - a potion of magic
 c - a potion of lignification {unknown}
 d - a potion of mutation {unknown}
 i - a potion of degeneration {unknown}
 k - a potion of resistance {unknown}
 n - 3 potions of brilliance {unknown}


   Skills:
 - Level 1.5 Dodging
 - Level 3.0 Stealth
 - Level 3.0 Spellcasting
 + Level 3.5 Conjurations
 - Level 3.0 Fire Magic


You had one spell level left.
You knew the following spells:

 Your Spells              Type           Power      Damage    Failure   Level
a - Foxfire               Conj/Fire      52%        2x1d6     4%          1
b - Scorch                Fire           24%        2d6       8%          2
c - Freeze                Ice            8%         1d3       17%         1
w - Flame Wave            Conj/Fire      13%        2d6       41%         4

Your spell library contained the following spells:

 Spells                   Type           Power      Damage    Failure   Level
 Hailstorm                Conj/Ice       8%         3d4       26%         3
 Inner Flame              Hex/Fire       7%         N/A       28%         3
 Volatile Blastmotes      Fire/Tloc      14%        2d11      28%         3
 Frozen Ramparts          Ice            4%         1d1       45%         3


Dungeon Overview and Level Annotations

Branches:
Dungeon (3/15)

Altars:

Shops:
D:1 ?

Annotations:
D:3 Natasha


Innate Abilities, Weirdness & Mutations

Your serpentine skin is tough. (AC +1)
You have supernaturally acute eyesight. (SInv)
Armour fits poorly on your strangely shaped body.
Your system is resistant to poisons. (rPois)
You cover ground very slowly.
You can spit poison.
You have a snake-like lower body.


Message History

* * * LOW HITPOINT WARNING * * *
Casting: Foxfire (safe; 4% risk of failure)
Confirm with . or Enter, or press ? or * to list all spells.
You miscast Foxfire.
You are very lightly contaminated with residual magic.
Nothing appears to happen.
The foxfire hits Natasha.
Natasha is lightly wounded.
The foxfire hits Natasha but does no damage.
Natasha is lightly wounded.
Natasha claws you.
* * * LOW HITPOINT WARNING * * *
The cerulean imp hits you from afar with a +1 spear.
* * * LOW HITPOINT WARNING * * *
Natasha howls an incantation.
Natasha's front paws start to glow.
Natasha claws you.
* * * LOW HITPOINT WARNING * * *
The cerulean imp hits you with a +1 spear.
* * * LOW HITPOINT WARNING * * *
Casting: Foxfire (safe; 4% risk of failure)
Confirm with . or Enter, or press ? or * to list all spells.
You conjure some foxfire!
The cerulean imp hits you from afar with a +1 spear.
* * * LOW HITPOINT WARNING * * *
Natasha claws you.
* * * LOW HITPOINT WARNING * * *
The cerulean imp hits you but does no damage.
Aiming: Spit Poison (1% risk of failure)
Press: ? - help, Shift-Dir - straight line, f - Natasha
Aim: Natasha (lightly wounded, fast, ally target, 50% to hit)
The splash of poison hits Natasha.
Natasha is moderately wounded.
The foxfire hits Natasha.
Natasha is heavily wounded.
The foxfire hits Natasha.
Natasha is severely wounded.
Natasha barely misses you.
The cerulean imp hits you but does no damage.
Natasha claws you.
You die...

.#### .... . ...
.. $. ... .##...$
##.......
##........
#########..#
#..§@h5...##
#....5...#.......
#.....†....####..
#........###
#).......#
#........#
#........#
##########


You could see Natasha (fast) and 2 cerulean imps.

Vanquished Creatures
  Natasha (D:3)
  2 adders (D:2)
  A worm (D:2)
  2 dart slugs
  2 orcs (D:3)
  5 bats
  3 endoplasms
  6 hobgoblins
  3 jackals (D:2)
  A quokka (D:3)
  5 ball pythons
  3 frilled lizards
  5 goblins
  A kobold (D:2)
  5 rats
45 creatures vanquished.

Vanquished Creatures (others)
  151 foxfires
151 creatures vanquished.

Grand Total: 196 creatures vanquished

Notes
Turn   | Place    | Note
-------+----------+-------------------------------------------
     0 | D:1      | Cheops the Naga Fire Elementalist began the quest for the
                  | Orb.
     0 | D:1      | Reached XP level 1. HP: 15/15 MP: 3/3
   352 | D:1      | Found a faded altar of an unknown god.
   416 | D:1      | Found The Oracle's Delphic Readings.
   500 | D:1      | Reached XP level 2. HP: 16/22 MP: 0/5
   503 | D:1      | Learned a level 2 spell: Scorch
  1714 | D:2      | Reached XP level 3. HP: 14/28 MP: 4/7
  2081 | D:2      | Reached XP level 4. HP: 36/36 MP: 4/8
  2396 | D:2      | Learned a level 4 spell: Flame Wave
  2398 | D:2      | Learned a level 1 spell: Freeze
  2553 | D:3      | Noticed Natasha
  2560 | D:3      | Killed Natasha
  2637 | D:3      | Noticed Natasha
  2651 | D:3      | HP: 1/36 [Natasha (1)]
  2652 | D:3      | Slain by Natasha

Illustrated notes

Levels and vault maps discovered:
D:1:      dpeg_arrival_castle, layout_basic,
          hellmonk_ecumenical_altar_pennies_from_heaven,
          nicolae_nh_oracle_at_delphi
D:2:      layout_rooms, chequers_serial_rivers_micro_c, dk_noncrumbling_3
D:3:      layout_rooms, nicolae_concentric_dashed_squares_mild,
          wander_ebering_terrifying_dragon_lair, uniq_natasha

Skill      XL: |  1  2  3  4 |
---------------+-------------+-----
Spellcasting   | 3 |  3.0
Conjurations   | 2 3 |  3.5
Dodging        | |  1.5
Stealth        | |  3.0
Fire Magic     | |  3.0

Action                     |  1- 3 |  4- 6 || total
---------------------------+-------+-------++-------
  Melee: Unarmed           |    11 |     3 ||    14
   Cast: Foxfire           |    58 |    29 ||    87
Ability: Spit Poison       |     5 |     1 ||     6
 Armour: Robe              |     5 |     5 ||    10
  Dodge: Dodged            |    17 |     7 ||    24
